 Dungeon Crawl Stone Soup version 0.30-a0-2-gf48d83f5e2 (webtiles) character file.

Game seed: 756846566724118688

158 ytrimaz the Ogre Mage (level 5, 0/49 HPs)
             Began as an Ogre Transmuter on Aug 20, 2022.
             Slain by an iguana (7 damage)
             ... on level 3 of the Dungeon.
             The game lasted 00:04:31 (3462 turns).

ytrimaz the Ogre Mage (Ogre Transmuter)             Turns: 3462, Time: 00:04:32

Health: 0/49       AC:  3    Str: 14    XL:     5   Next: 40%
Magic:  11/11      EV:  9    Int: 16    God:
Gold:   179        SH:  0    Dex:  9    Spells: 3/13 levels left

rFire   . . .      SeeInvis .      - Unarmed
rCold   . . .      Faith    .    (no shield)
rNeg    . . .      Spirit   .    a - +0 robe
rPois   .          Reflect  .    (helmet currently unavailable)
rElec   .          Harm     .    (no cloak)
rCorr   .          Rampage  .    (gloves unavailable)
Will    .....                    (boots unavailable)
Stlth   +.........               (no amulet)
HPRegen 0.16/turn                (no ring)
MPRegen 0.12/turn                (no ring)

@: brilliant, appendages (expiring), flying
A: horns 2, talons 2, large, unfitting armour, tough skin 1
a: End Transformation


You were on level 3 of the Dungeon.
You had temporarily grown beastly horns and talons.
You visited 1 branch of the dungeon, and saw 3 of its levels.

You collected 179 gold pieces.

Inventory:

Armour
 a - a +0 robe (worn)
Scrolls
 b - a scroll of enchant armour {unknown}
 h - 2 scrolls of magic mapping {unknown}
 i - a scroll of blinking {unknown}
Potions
 e - 2 potions of brilliance
 f - a potion of might {unknown}
 g - a potion of cancellation {unknown}


   Skills:
 - Level 1.7 Fighting
 - Level 1.7 Dodging
 + Level 2.9 Unarmed Combat
 - Level 4.6 Spellcasting
 + Level 3.3 Transmutations


You had 3 spell levels left.
You knew the following spells:

 Your Spells              Type           Power      Damage    Failure   Level
a - Beastly Appendage     Tmut           42%        N/A       4%          1
b - Wereblood             Tmut           21%        N/A       6%          2
c - Spider Form           Tmut/Pois      13%        N/A       24%         3
d - Ice Form              Ice/Tmut       13%        N/A       61%         4

Your spell library contained the following spells:

 Spells                   Type           Power      Damage    Failure   Level
 Sublimation of Blood     Necr           5%         N/A       24%         2
 Ignite Poison            Fire/Tmut/Pois 10%        N/A       30%         3
 Conjure Flame            Conj/Fire      5%         6-21      43%         3
 Petrify                  Tmut/Erth      13%        N/A       61%         4
 Sticky Flame             Conj/Fire      5%         2d3       85%         4
 Irradiate                Conj/Tmut      6%         3d13      91%         5


Dungeon Overview and Level Annotations

Branches:
Dungeon (3/15)

Altars:

Shops:
D:1 =


Innate Abilities, Weirdness & Mutations

You have temporarily grown beastly horns and talons.
You are too large for most types of armour.
You have tough skin. (AC +1)


Message History

Your headbutt misses the iguana.
The iguana is lightly wounded.
The goblin barely misses you. The iguana bites you!
You barely miss the iguana. Your headbutt misses the iguana.
The iguana is lightly wounded.
The goblin barely misses you. The iguana bites you!
You barely miss the iguana. Your headbutt misses the iguana.
The iguana is lightly wounded.
The goblin completely misses you. The iguana barely misses you.
You barely miss the iguana. Your kick misses the iguana.
The iguana is lightly wounded.
Your transformation is almost over.
The goblin hits you with a +0 club. The iguana closely misses you.
Unknown command.
You closely miss the iguana. Your kick misses the iguana.
The iguana is lightly wounded.
The iguana barely misses you. The goblin hits you with a +0 club.
* * * LOW HITPOINT WARNING * * *
You hit the iguana but do no damage.
You headbutt the iguana, but do no damage.
The iguana is lightly wounded.
The iguana bites you!
* * * LOW HITPOINT WARNING * * *
The goblin hits you with a +0 club.
* * * LOW HITPOINT WARNING * * *
It was a potion of curing.
You feel better. The goblin hits you but does no damage. The iguana bites you.
* * * LOW HITPOINT WARNING * * *
It was a potion of brilliance.
You feel clever all of a sudden. The goblin hits you with a +0 club.
* * * LOW HITPOINT WARNING * * *
The iguana bites you but does no damage.
Unknown command.
It was a potion of flight.
You feel very buoyant.
You fly up into the air.
The goblin hits you with a +0 club.
* * * LOW HITPOINT WARNING * * *
The iguana bites you!
You die...

##############
#............#
#########.#####'####.#
..........##...g@..#
#########.##.≈≈l≈≈.#
#.##.≈.≈.≈.#
#..'..≈♣≈..+
...#.≈.≈.≈.#
...#.≈≈.≈≈.# #..
...#.......# #.#
....####'#### #.#


You could see an iguana and a goblin.

Vanquished Creatures
  A phantom (D:2)
  A hound (D:2)
  An adder (D:2)
  A worm (D:2)
  A dart slug (D:3)
  2 bats
  6 endoplasms
  3 goblins
  4 hobgoblins
  3 quokkas
  6 ball pythons
  4 frilled lizards
  2 kobolds
  2 rats
37 creatures vanquished.

Notes
Turn   | Place    | Note
-------+----------+-------------------------------------------
     0 | D:1      | ytrimaz the Ogre Transmuter began the quest for the Orb.
     0 | D:1      | Reached XP level 1. HP: 19/19 MP: 3/3
   141 | D:1      | Found Doecon's One-of-a-Kind Rings.
   482 | D:1      | Reached XP level 2. HP: 21/27 MP: 3/5
   624 | D:1      | Learned a level 2 spell: Wereblood
   647 | D:1      | Reached skill level 3 in Spellcasting
  1642 | D:2      | Reached XP level 3. HP: 8/33 MP: 6/8
  1865 | D:2      | Found a faded altar of an unknown god.
  2056 | D:2      | Noticed a phantom
  2068 | D:2      | Killed a phantom
  2069 | D:2      | Reached skill level 4 in Spellcasting
  2069 | D:2      | Reached XP level 4. HP: 13/42 MP: 8/10
  2069 | D:2      | Reached XP level 5. HP: 15/49 MP: 8/11
  2328 | D:2      | Learned a level 3 spell: Spider Form
  2341 | D:2      | Learned a level 4 spell: Ice Form
  3462 | D:3      | Slain by an iguana

Illustrated notes

Levels and vault maps discovered:
D:1:      dpeg_arrival_rooms_c, layout_loops_corners, nicolae_shop_unique_rings,
          grunt_decor_resistance, minivault_4
D:2:      layout_basic, basic_ecumenical_altar
D:3:      layout_loops_ring, kennysheep_generic_room_9

Skill      XL: |  1  2  3 |
---------------+----------+-----
Transmutations | 2 3 |  3.3
Spellcasting   | 3 4 |  4.6
Fighting       | |  1.7
Dodging        | |  1.7
Unarmed Combat | |  2.9

Action                   |  1- 3 |  4- 6 || total
-------------------------+-------+-------++-------
Melee: Unarmed           |    77 |    60 ||   137
       Kick              |    16 |     9 ||    25
       Headbutt          |     8 |     4 ||    12
       Punch             |     1 |       ||     1
 Cast: Beastly Appendage |    15 |    15 ||    30
       Wereblood         |     1 |       ||     1
  Use: Scroll            |     1 |     1 ||     2
       Potion            |     1 |     3 ||     4
 Stab: Sleeping          |     1 |       ||     1
Armor: Robe              |    19 |    14 ||    33
       Skin              |     2 |     1 ||     3
Dodge: Dodged            |    29 |    23 ||    52

Table legend: (Time is in decaauts)
 A = Elapsed time spent in this place.
 B = Non-inter-level travel time spent in this place.
 C = Inter-level travel time spent in this place.
 D = Time resting spent in this place.
 E = Time spent auto-exploring this place.
 F = Levels seen in this place.
 G = Mean time per level.
                   A        B        C        D        E       F      G
               +--------+--------+--------+--------+--------+-----+--------+
         Total |   3455 |   3403 |     52 |    446 |   2597 |   3 | 1151.7 |
       Dungeon |   3455 |   3403 |     52 |    446 |   2597 |   3 | 1151.7 |
               +--------+--------+--------+--------+--------+-----+--------+

Top non-repeatable levels by time:
     D:1: 1630 daAuts
     D:2: 1317 daAuts
     D:3: 507 daAuts
